NCAA
SOUTH FLORIDA BULLS @ NOTRE DAME FIGHTING IRISH
05/05/2023
 
TOP OF THE 1ST
South Florida Bulls batting - Pitching for Notre Dame Fighting Irish : LHP Kent Lancaster
Pitching: LHP Kent Lancaster
Batting: LHB Bob Bush 0-0: Swinging Strike
0-1: Swinging Strike
0-2: Foul Ball, location: 2F
0-2: Ball
1-2: SINGLE (Line Drive, 6)
Batting: RHB Jon Krohne 0-0: Ball
1-0: Ball
2-0: Ball
3-0: Base on Balls
Bob Bush to second
Batting: RHB John Little 0-0: Ball
1-0: Foul Ball, location: 2F
1-1: Ball
2-1: Foul Ball, location: 2F
2-2: Strikes out swinging
Batting: SHB Tex White 0-0: Ball
1-0: Ball
2-0: Ball
3-0: Called Strike
3-1: DOUBLE (Line Drive, 5)
Bob Bush scores
Jon Krohne to third
Batting: RHB Mark Parker 0-0: SINGLE (Flyball, 7S) - OUT at second base trying to stretch hit.
Jon Krohne scores
Tex White scores
Batting: SHB Roberto Torres 0-0: Ball
1-0: Ball
2-0: Foul Ball, location: 2F
2-1: Swinging Strike
2-2: Ball
3-2: Foul Ball, location: 2F
3-2: Base on Balls
Batting: LHB Bob Jacobs 0-0: Foul Ball, location: 2F
0-1: Ball
1-1: Ball
2-1: Foul Ball, location: 2F
2-2: Ball
3-2: Strikes out swinging
Top of the 1st over - 3 run(s), 3 hit(s), 0 error(s), 1 left on base; South Florida 3 - Notre Dame 0
BOTTOM OF THE 1ST
Notre Dame Fighting Irish batting - Pitching for South Florida Bulls : RHP Richard Bray
Pitching: RHP Richard Bray
Batting: RHB António Muńóz 0-0: SINGLE (Groundball, 34D)
Batting: RHB Jesús Santos 0-0: Ball
1-0: Fly out, F2 (Popup, 2L)
Batting: LHB Pat White 0-0: Foul Ball, location: 2F
0-1: Ball
1-1: Ball
2-1: Ball
3-1: Foul Ball, location: 2F
3-2: Fly out, F8 (Flyball, 78S)
Batting: RHB Doug Coleman 0-0: Ball
António Muńóz is caught stealing 2nd base
Bottom of the 1st over - 0 run(s), 1 hit(s), 0 error(s), 0 left on base; South Florida 3 - Notre Dame 0
TOP OF THE 2ND
South Florida Bulls batting - Pitching for Notre Dame Fighting Irish : LHP Kent Lancaster
Batting: RHB Rafael Martínez 0-0: Foul Ball, location: 2F
0-1: Ball
1-1: Swinging Strike
1-2: Foul Ball, location: 2F
1-2: Ball
2-2: Foul Ball, location: 2F
2-2: Foul Ball, location: 2F
2-2: Ball
3-2: Base on Balls
Batting: RHB Danny Olson 0-0: Ball
1-0: Ball
2-0: Ball
3-0: Called Strike
3-1: DOUBLE (Line Drive, 5L)
Rafael Martínez to third
Batting: LHB Bob Bush 0-0: Ball
1-0: Swinging Strike
1-1: Ball
2-1: Fly out, F8 (Flyball, 8RM)
Runner from 3rd tags up, SCORES, no throw
Batting: RHB Jon Krohne 0-0: Ball
Danny Olson steals 3rd base
1-0: Fly out, F4 (Popup, 13)
Batting: RHB John Little 0-0: Fly out, F9 (Popup, 3D)
Top of the 2nd over - 1 run(s), 1 hit(s), 0 error(s), 1 left on base; South Florida 4 - Notre Dame 0
BOTTOM OF THE 2ND
Notre Dame Fighting Irish batting - Pitching for South Florida Bulls : RHP Richard Bray
Batting: RHB Doug Coleman 0-0: Ball
1-0: Ball
2-0: Ball
3-0: Called Strike
3-1: Base on Balls
Batting: RHB Tony Parker 0-0: Foul Ball, location: 2F
0-1: Ball
1-1: Foul Ball, location: 2F
1-2: Ball
2-2: SINGLE (Line Drive, 89S)
Doug Coleman to second
Batting: LHB George Smith 0-0: Ball
1-0: Ball
2-0: SINGLE (Groundball, 34)
Doug Coleman to third
Tony Parker to second
Batting: SHB Forest Cruz 0-0: Called Strike
0-1: Ball
1-1: Foul Ball, location: 2F
1-2: Fly out, F5 (Popup, 5DF)
Batting: RHB Ralph Gentry 0-0: Foul Ball, location: 2F
0-1: Ball
1-1: Ball
2-1: Grounds into double play, 6-4-3 (Groundball, 6M)
Bottom of the 2nd over - 0 run(s), 2 hit(s), 0 error(s), 2 left on base; South Florida 4 - Notre Dame 0
TOP OF THE 3RD
South Florida Bulls batting - Pitching for Notre Dame Fighting Irish : LHP Kent Lancaster
Batting: SHB Tex White 0-0: Ball
1-0: Ball
2-0: Foul Ball, location: 2F
2-1: Called Strike
2-2: Foul Ball, location: 2F
2-2: Foul Ball, location: 2F
2-2: Ball
3-2: Fly out, F8 (Flyball, 89M)
Batting: RHB Mark Parker 0-0: SINGLE (Line Drive, 6M)
Batting: SHB Roberto Torres 0-0: Ball
1-0: Called Strike
Pickoff Throw to First - Out!
1-1: Ball
2-1: Foul Ball, location: 2F
2-2: Strikes out swinging
Top of the 3rd over - 0 run(s), 1 hit(s), 0 error(s), 0 left on base; South Florida 4 - Notre Dame 0
BOTTOM OF THE 3RD
Notre Dame Fighting Irish batting - Pitching for South Florida Bulls : RHP Richard Bray
Batting: LHB Alfredo Ramos 0-0: Called Strike
0-1: Ball
1-1: Ball
2-1: Foul Ball, location: 2F
2-2: Ball
3-2: Foul Ball, location: 2F
3-2: Base on Balls
Batting: RHB António Muńóz 0-0: Called Strike
0-1: SINGLE (Line Drive, 6MD)
Alfredo Ramos to second
Batting: RHB Jesús Santos 0-0: Ball
1-0: Ball
2-0: DOUBLE (Flyball, 78D)
Alfredo Ramos scores
António Muńóz to third
Batting: LHB Pat White 0-0: Ball
1-0: Ball
2-0: Called Strike
2-1: Fly out, F8 (Flyball, 8LD)
Runner from 3rd tags up, SCORES, no throw
Jesús Santos to third
Batting: RHB Doug Coleman 0-0: Fly out, F7 (Flyball, 78M)
Runner from 3rd tags up, SCORES, no throw
Batting: RHB Tony Parker 0-0: Ball
1-0: Foul Ball, location: 2F
1-1: Ball
2-1: Ball
3-1: Called Strike
3-2: Foul Ball, location: 2F
3-2: SINGLE (Line Drive, 4D)
Batting: LHB George Smith 0-0: Ball
1-0: Called Strike
1-1: SINGLE (Groundball, 6M)
Tony Parker to second
Runner from 2nd tries for 3rd, SAFE, throw made to third
Batting: SHB Forest Cruz 0-0: Ball
1-0: Fly out, F7 (Flyball, 78M)
Bottom of the 3rd over - 3 run(s), 4 hit(s), 0 error(s), 2 left on base; South Florida 4 - Notre Dame 3
TOP OF THE 4TH
South Florida Bulls batting - Pitching for Notre Dame Fighting Irish : LHP Kent Lancaster
Batting: LHB Bob Jacobs 0-0: Foul Ball, location: 2F
0-1: Called Strike
0-2: Foul Ball, location: 2F
0-2: Ball
1-2: Ball
2-2: Strikes out swinging
Batting: RHB Rafael Martínez 0-0: Called Strike
0-1: Called Strike
0-2: Ball
1-2: Ball
2-2: SINGLE (Line Drive, 78M)
Batting: RHB Danny Olson 0-0: Ball
1-0: Called Strike
1-1: Ball
2-1: Ball
3-1: Base on Balls
Rafael Martínez to second
Pitching: RHP Dax Campbell
Batting: LHB Bob Bush 0-0: Foul Ball, location: 2F
0-1: Foul Ball, location: 2F
0-2: Strikes out swinging
Batting: RHB Jon Krohne 0-0: Ball
1-0: Ball
2-0: Foul Ball, location: 2F
2-1: Fly out, F6 (Line Drive, 6)
Top of the 4th over - 0 run(s), 1 hit(s), 0 error(s), 2 left on base; South Florida 4 - Notre Dame 3
BOTTOM OF THE 4TH
Notre Dame Fighting Irish batting - Pitching for South Florida Bulls : RHP Richard Bray
Batting: RHB Ralph Gentry 0-0: Called Strike
0-1: Fly out, F8 (Flyball, 8RD)
Batting: LHB Alfredo Ramos 0-0: Ball
1-0: Ball
2-0: Ball
3-0: Base on Balls
Batting: RHB António Muńóz 0-0: Ball
1-0: Called Strike
1-1: Swinging Strike
1-2: Strikes out swinging
Batting: RHB Jesús Santos 0-0: Ball
1-0: Ball
2-0: Ball
3-0: Called Strike
3-1: Base on Balls
Alfredo Ramos to second
Batting: LHB Pat White 0-0: Ball
1-0: Called Strike
1-1: Called Strike
1-2: SINGLE (Groundball, 34D)
Alfredo Ramos to third
Jesús Santos to second
Runner from 3rd tries for Home, SAFE, no throw or cutoff
Batting: RHB Doug Coleman 0-0: Ball
1-0: Called Strike
1-1: Ball
2-1: Foul Ball, location: 2F
2-2: SINGLE (Groundball, 6MD)
Jesús Santos to third
Pat White to second
Runner from 3rd tries for Home, SAFE, no throw or cutoff
Pitching: RHP Kenny McFarland
Batting: RHB Tony Parker 0-0: Foul Ball, location: 2F
0-1: Ball
1-1: Foul Ball, location: 2F
1-2: Ball
2-2: SINGLE (Line Drive, 34)
Pat White to third
Doug Coleman to second
Runner from 3rd tries for Home, throw and OUT!
Bottom of the 4th over - 2 run(s), 3 hit(s), 0 error(s), 2 left on base; South Florida 4 - Notre Dame 5
TOP OF THE 5TH
South Florida Bulls batting - Pitching for Notre Dame Fighting Irish : RHP Dax Campbell
Batting: RHB John Little 0-0: Foul Ball, location: 2F
0-1: Ball
1-1: DOUBLE (Groundball, 3L)
Batting: SHB Tex White 0-0: Ball
1-0: Foul Ball, location: 2F
1-1: DOUBLE (Line Drive, 5D)
John Little scores
Batting: RHB Mark Parker 0-0: Intentional Walk
Batting: SHB Roberto Torres 0-0: Called Strike
0-1: Ball
1-1: Hit by Pitch
Tex White to third
Mark Parker to second
Batting: LHB Bob Jacobs 0-0: Foul Ball, location: 2F
0-1: GRAND SLAM HOME RUN (Flyball, 8RXD), Distance : 407 ft
Pitching: LHP Jeff Minnich
Batting: RHB Rafael Martínez 0-0: Swinging Strike
0-1: Called Strike
0-2: Ball
1-2: Strikes out swinging
Batting: RHB Danny Olson 0-0: Swinging Strike
0-1: Called Strike
0-2: Ball
1-2: Strikes out looking
Batting: LHB Bob Bush 0-0: Called Strike
0-1: Ball
1-1: Ball
2-1: Ball
3-1: Called Strike
3-2: Strikes out looking
Top of the 5th over - 5 run(s), 3 hit(s), 0 error(s), 0 left on base; South Florida 9 - Notre Dame 5
BOTTOM OF THE 5TH
Notre Dame Fighting Irish batting - Pitching for South Florida Bulls : RHP Kenny McFarland
Batting: LHB George Smith 0-0: Called Strike
0-1: Ball
1-1: SOLO HOME RUN (Line Drive, 9LD), Distance : 335 ft
Batting: SHB Forest Cruz 0-0: Ball
1-0: Fly out, F7 (Flyball, 78M)
Batting: RHB Ralph Gentry 0-0: Foul Ball, location: 2F
0-1: Swinging Strike
0-2: Strikes out swinging
Batting: LHB Alfredo Ramos 0-0: Ball
1-0: SINGLE (Line Drive, 7S)
Batting: RHB António Muńóz 0-0: 2-RUN HOME RUN (Flyball, 7LD), Distance : 320 ft
Batting: RHB Jesús Santos 0-0: SOLO HOME RUN (Line Drive, 7D), Distance : 346 ft
Batting: LHB Pat White 0-0: Called Strike
0-1: Ball
1-1: Ball
2-1: Ball
3-1: Base on Balls
Pitching: RHP Roy Bowles
Batting: RHB Doug Coleman 0-0: Ball
1-0: Called Strike
Pat White steals 2nd base
1-1: Called Strike
1-2: Strikes out swinging
Bottom of the 5th over - 4 run(s), 4 hit(s), 0 error(s), 1 left on base; South Florida 9 - Notre Dame 9
TOP OF THE 6TH
South Florida Bulls batting - Pitching for Notre Dame Fighting Irish : LHP Jeff Minnich
Batting: RHB Jon Krohne 0-0: Foul Ball, location: 2F
0-1: Ball
1-1: Called Strike
1-2: Fly out, F6 (Line Drive, 6)
Batting: RHB John Little 0-0: Ball
1-0: Swinging Strike
1-1: Ball
2-1: Fly out, F8 (Line Drive, 8RM)
Batting: SHB Tex White 0-0: Foul Ball, location: 2F
0-1: SINGLE (Line Drive, 7LM)
Batting: RHB Mark Parker 0-0: Called Strike
0-1: Swinging Strike
0-2: Foul Ball, location: 2F
0-2: Strikes out swinging
Top of the 6th over - 0 run(s), 1 hit(s), 0 error(s), 1 left on base; South Florida 9 - Notre Dame 9
BOTTOM OF THE 6TH
Notre Dame Fighting Irish batting - Pitching for South Florida Bulls : RHP Roy Bowles
Batting: RHB Tony Parker 0-0: Ball
1-0: Fly out, F9 (Flyball, 9S)
Batting: LHB George Smith 0-0: Called Strike
0-1: Ball
1-1: DOUBLE (Flyball, 89D)
Batting: SHB Forest Cruz 0-0: Intentional Walk
Batting: RHB Ralph Gentry 0-0: Foul Ball, location: 2F
0-1: Foul Ball, location: 2F
0-2: Grounds into double play, 4-6-3 (Groundball, 4)
Bottom of the 6th over - 0 run(s), 1 hit(s), 0 error(s), 1 left on base; South Florida 9 - Notre Dame 9
TOP OF THE 7TH
South Florida Bulls batting - Pitching for Notre Dame Fighting Irish : LHP Jeff Minnich
Pitching: LHP Arthur Coventry
Batting: SHB Roberto Torres 0-0: Ball
1-0: Ball
2-0: Foul Ball, location: 2F
2-1: Ball
3-1: Base on Balls
Batting: LHB Bob Jacobs 0-0: Called Strike
Roberto Torres steals 2nd base
0-1: Foul Ball, location: 2F
0-2: SINGLE (Line Drive, 34)
Roberto Torres to third
Batting: RHB Rafael Martínez 0-0: Ball
1-0: Swinging Strike
1-1: Ball
2-1: Swinging Strike
2-2: SINGLE (Line Drive, 56)
Roberto Torres scores
Bob Jacobs to second
Batting: RHB Danny Olson 0-0: Ball
1-0: Foul Ball, location: 2F
1-1: Sac Bunt - play at first, batter safe!
Bob Jacobs to third
Rafael Martínez to second
Batting: LHB Bob Bush 0-0: Ball
1-0: Ball
2-0: Swinging Strike
2-1: Foul Ball, location: 2F
2-2: Strikes out swinging
Batting: RHB Jon Krohne 0-0: Called Strike
0-1: Ball
1-1: Fly out, F4 (Popup, 6MD)
Batting: RHB John Little 0-0: Called Strike
0-1: Foul Ball, location: 2F
0-2: Ball
1-2: Foul Ball, location: 2F
1-2: Foul Ball, location: 2F
1-2: Fly out, F6 (Popup, 56)
Top of the 7th over - 1 run(s), 3 hit(s), 0 error(s), 3 left on base; South Florida 10 - Notre Dame 9
BOTTOM OF THE 7TH
Notre Dame Fighting Irish batting - Pitching for South Florida Bulls : RHP Roy Bowles
Batting: LHB Alfredo Ramos 0-0: Swinging Strike
0-1: SOLO HOME RUN (Flyball, 89XD), Distance : 383 ft
Batting: RHB António Muńóz 0-0: Foul Ball, location: 2F
0-1: Ball
1-1: Ball
2-1: Fly out, F2 (Popup, 2R)
Batting: RHB Jesús Santos 0-0: Ball
1-0: Called Strike
1-1: Foul Ball, location: 2F
1-2: Ball
2-2: Foul Ball, location: 2F
2-2: SOLO HOME RUN (Flyball, 7D), Distance : 366 ft
Batting: LHB Pat White 0-0: Ball
1-0: Ball
2-0: Called Strike
2-1: Swinging Strike
2-2: Ball
3-2: Foul Ball, location: 2F
3-2: Ground out U3 (Groundball, 3L)
Batting: RHB Doug Coleman 0-0: Ground out 6-3 (Groundball, 6)
Bottom of the 7th over - 2 run(s), 2 hit(s), 0 error(s), 0 left on base; South Florida 10 - Notre Dame 11
TOP OF THE 8TH
South Florida Bulls batting - Pitching for Notre Dame Fighting Irish : LHP Arthur Coventry
Now at SS: Tim Reid
Now in CF: Ron Walters
Batting: SHB Tex White 0-0: Ball
1-0: Ball
2-0: Foul Ball, location: 2F
2-1: Ball
3-1: Ground out 5-3 (Groundball, 5L)
Pitching: RHP Chris Grant
Batting: RHB Mark Parker 0-0: SINGLE (Flyball, 8RM)
Pitching: LHP Wayne Burton
Batting: SHB Roberto Torres 0-0: Foul Ball, location: 2F
0-1: Fly out, F8 (Flyball, 8LM)
Batting: LHB Bob Jacobs 0-0: Ball
1-0: Foul Ball, location: 2F
1-1: Called Strike
1-2: Ball
2-2: Fly out, F7 (Popup, 5D)
Top of the 8th over - 0 run(s), 1 hit(s), 0 error(s), 1 left on base; South Florida 10 - Notre Dame 11
BOTTOM OF THE 8TH
Notre Dame Fighting Irish batting - Pitching for South Florida Bulls : LHP Gregg Funk
Pitching: LHP Gregg Funk
Batting: RHB Tony Parker 0-0: Ball
1-0: Ball
2-0: Called Strike
2-1: Ball
3-1: Base on Balls
Batting: LHB George Smith 0-0: Ball
1-0: Called Strike
1-1: Ball
2-1: Bunted foul
2-2: Ball
3-2: Ground out 4-3 (Groundball, 4)
Tony Parker to second
Batting: SHB Forest Cruz 0-0: Intentional Walk
Batting: RHB Ralph Gentry 0-0: Ball
1-0: Ball
2-0: Ball
Tony Parker is caught stealing 3rd base
Forest Cruz to second
3-0: Called Strike
3-1: Called Strike
3-2: SINGLE (Line Drive, 4M)
Forest Cruz to third
Forest Cruz scores
Batting: LHB Alfredo Ramos 0-0: Fly out, F7 (Flyball, 78M)
Bottom of the 8th over - 1 run(s), 1 hit(s), 0 error(s), 1 left on base; South Florida 10 - Notre Dame 12
TOP OF THE 9TH
South Florida Bulls batting - Pitching for Notre Dame Fighting Irish : LHP Wayne Burton
Pitching: RHP Roy Mitchell
Batting: RHB Rafael Martínez 0-0: Ball
1-0: Ball
2-0: Foul Ball, location: 2F
2-1: Swinging Strike
2-2: Ball
3-2: Foul Ball, location: 2F
3-2: Strikes out swinging
Batting: RHB Danny Olson 0-0: Called Strike
0-1: Foul Ball, location: 2F
0-2: Strikes out swinging
Batting: LHB Bob Bush 0-0: Ball
1-0: Ball
2-0: Swinging Strike
2-1: Ball
3-1: Swinging Strike
3-2: Base on Balls
Batting: RHB Jon Krohne 0-0: Called Strike
0-1: Ball
1-1: Ball
2-1: Foul Ball, location: 2F
2-2: Ball
3-2: Ground out 6-3 (Groundball, 6)
Top of the 9th over - 0 run(s), 0 hit(s), 0 error(s), 1 left on base; South Florida 10 - Notre Dame 12
This league is powered by Out of the Park Baseball, the baseball management simulation game for PC, Mac and Linux
Wednesday, December 2nd, 2015 - OOTP Baseball 16.8 Build 38